 Dungeon Crawl Stone Soup version 0.19-a0-742-g4563caa (webtiles) character file.

45 4thArraOfDagon the Ruffian (level 3, -1/28 HPs)
             Began as a Vine Stalker Berserker on June 23, 2016.
             Was a Follower of Trog.
             Slain by an orc priest
             ... wielding a +1 mace of holy wrath
              (5 damage)
             ... on level 5 of the Dungeon.
             The game lasted 00:01:33 (264 turns).

4thArraOfDagon the Ruffian (Vine Stalker Berserker)  Turns: 264, Time: 00:01:34

Health: -1/28      AC:  3    Str: 24    XL:     3   Next: 64%
Magic:  0/4        EV: 12    Int:  7    God:    Trog [*.....]
Gold:   3          SH:  2    Dex: 14    Spells: 0 memorised, 2 levels left

rFire  . . .     SeeInvis .       - Unarmed
rCold  . . .     Gourm    .     a - +0 animal skin
rNeg   . . .     Faith    .     (no shield)
rPois  .         Spirit   +     (no helmet)
rElec  .         Dismiss  .     d - +0 cloak
rCorr  .         Reflect  +     (no gloves)
SustAt .         Harm     .     (no boots)
MR     .....                    g - +2 amulet of reflection
Stlth  ..........               (no ring)
                                (no ring)

@: berserking, very quick, not resistant to hostile enchantments, extremely
unstealthy
A: fangs 2, regeneration 1, magic shield, antimagic bite, no device heal 3, rot
immunity
a: Berserk, Burn Spellbooks, Renounce Religion


You were on level 5 of the Dungeon.
You worshipped Trog.
Trog was aware of your devotion.
You were not hungry.

You visited 1 branch of the dungeon, and saw 5 of its levels.

You collected 3 gold pieces.

Inventory:

Armour
 a - a +0 animal skin (worn)
 d - a +0 cloak (worn)
Jewellery
 g - a +2 amulet of reflection (around neck)
Scrolls
 c - a scroll of teleportation {unknown}
Potions
 e - a potion of brilliance {unknown}
Comestibles
 b - 2 bread rations
 f - a meat ration


   Skills:
 - Level 2.6 Fighting
 - Level 1.5 Armour
 - Level 1.5 Dodging
 * Level 4.5 Unarmed Combat


You had 2 spell levels left.
You didn't know any spells.

Dungeon Overview and Level Annotations

Branches:
Dungeon (5/15)
 Temple: D:4-7

Altars:


Innate Abilities, Weirdness & Mutations

You have extremely sharp teeth.
Your natural rate of healing is unusually fast.
When hurt, damage is shared between your health and your magic reserves.
Your bite disrupts and absorbs the magic of your enemies.
Potions and wands cannot restore your health.
You are immune to rotting.


Message History

You feel invigorated.
You kill the orc!
Trog accepts your kill.
Unknown command.
A red film seems to cover your vision as you go berserk!
You feel yourself moving faster!
You feel mighty!
You feel somewhat more hungry. The orc hits you with a dagger.
* * * LOW HITPOINT WARNING * * *
Unknown command.
Unknown command.
Unknown command.
You punch the orc!
You feel the power of Trog in you as your rage grows.
You kill the orc!
Trog accepts your kill.
Your life force feels restored.
An orc comes into view. It is wielding a dagger.
The orc shouts!
The orc priest hits you with a mace of holy wrath!
You die...

.###########...#
..........##...#####
..........#.........
............<..#
#.........##...###.<
...>......##.$.....#
#.............#.###
#.........###.#.#
..........# #@..#
......##### #o#....#
.##... .........
##.# ##.##..... #
..# ..... ..o ..>.
### .#.#


You could see an orc priest and an orc.

Vanquished Creatures
  Crazy Yiuf (D:3)
  2 giant geckos
  2 orcs (D:5)
  A goblin (D:3)
  2 hobgoblins (D:3)
  A kobold (D:3)
  2 quokkas (D:3)
11 creatures vanquished.

Notes
Turn   | Place    | Note
--------------------------------------------------------------
     0 | D:1      | 4thArraOfDagon the Vine Stalker Berserker began the quest for the Orb.
     0 | D:1      | Reached XP level 1. HP: 11/11 MP: 2/2
    72 | D:2      | jacquesderrida: reeeee
   111 | D:3      | BLOAX: normies get out reeeeee
   130 | D:3      | Noticed Crazy Yiuf
   136 | D:3      | Killed Crazy Yiuf
   136 | D:3      | Reached skill level 4 in Unarmed Combat
   136 | D:3      | Reached XP level 2. HP: 7/16 MP: 3/3
   136 | D:3      | Reached XP level 3. HP: 8/19 MP: 4/4
   220 | D:4      | Noticed a scorpion
   246 | D:5      | Entered Level 5 of the Dungeon
   264 | D:5      | Slain by an orc priest

Vault maps used:
D:1:      noname_arrival_rooms_in_the_neighbourhood
D:2:      ecumenical_altar_1, first_bread
D:3:      uniq_natasha, uniq_crazy_yiuf_cottage
D:4:      grunt_ministairs_9, glass_columns_b, dk_rats_in_the_wall, uniq_pikel,
          uniq_sigmund
D:5:      kennysheep_little_box, grunt_tough_drop

Skill      XL: |  1 |
---------------+----+-----
Unarmed Combat | 4 |  4.5
Fighting       | |  2.6
Armour         | |  1.5
Dodging        | |  1.5

Action                   || total
-------------------------++-------
Melee: Unarmed           ||    33
       Bite              ||     8
Invok: Berserk           ||     2
Armor: Animal skin       ||     4
Dodge: Dodged            ||    16
